 Dungeon Crawl Stone Soup version 0.30.0-29-ga12c61a403 (webtiles) character file.

Game seed: 8333491050010082767

312 bmack86 the Cleaver (level 6, -4/51 HPs)
             Began as a Minotaur Fighter on June 21, 2023.
             Slain by a gnoll
             ... wielding a +0 halberd
              (13 damage)
             ... on level 3 of the Dungeon.
             The game lasted 00:07:30 (2209 turns).

bmack86 the Cleaver (Minotaur Fighter)              Turns: 2209, Time: 00:07:31

Health: -4/51      AC:  9    Str: 23    XL:     6   Next: 18%
Magic:  5/5        EV:  8    Int:  5    God:
Gold:   103        SH:  4    Dex:  9    Spells: 5/5 levels left

rFire   + . .        a - +0 war axe
rCold   . . .        c - +0 buckler
rNeg    . . .        k - +0 chain mail
rPois   .            (helmet restricted)
rElec   .            (no cloak)
rCorr   .            (no gloves)
SInv    .            (no boots)
Will    .....        (no amulet) Stlth
                     o - ring of protection from fire
HPRegen 0.28/turn    (no ring)
MPRegen 0.09/turn

%: no passive effects
@: no status effects
A: horns 2, retaliatory headbutt
a: no special abilities


You were on level 3 of the Dungeon.
You visited 1 branch of the dungeon, and saw 3 of its levels.

You collected 103 gold pieces.

Inventory:

Hand Weapons
 a - a +0 war axe (weapon)
Missiles
 i - a throwing net
 m - 3 poisoned darts (quivered)
Armour
 b - a +0 scale mail
 c - a +0 buckler (worn)
 k - a +0 chain mail (worn)
Jewellery
 o - a ring of protection from fire (left hand)
 s - a ring of magical power
Wands
 r - a wand of flame (13)
Scrolls
 f - 3 scrolls of teleportation {unknown}
 l - 2 scrolls of noise {unknown}
 p - a scroll of brand weapon {unknown}
 q - 2 scrolls of magic mapping {unknown}
 t - a scroll of immolation {unknown}
 u - 2 scrolls of butterflies {unknown}
Potions
 d - a potion of might
 e - a potion of mutation {unknown}
 g - 2 potions of heal wounds
 h - 2 potions of resistance
 j - a potion of cancellation {unknown}
 n - a potion of brilliance {unknown}


   Skills:
 - Level 3.6 Fighting
 + Level 8.0 Axes
 - Level 3.6 Armour
 - Level 3.6 Shields


You had 5 spell levels left.
You didn't know any spells.
Your spell library contained the following spells:

 Spells                   Type           Power      Damage    Failure   Level
 Sandblast                Erth           0%         2d4       98%         1
 Passwall                 Tmut/Erth      0%         N/A       99%         2
 Stone Arrow              Conj/Erth      0%         3d7       100%        3


Dungeon Overview and Level Annotations

Branches:
Dungeon (3/15)

Altars:


Innate Abilities, Weirdness & Mutations

You have a pair of horns on your head.
You reflexively headbutt those who attack you in melee.


Message History

You kill the gnoll!
The gnoll hits you from afar with a +0 halberd.
A gnoll comes into view. It is wielding a +0 whip.
The gnoll closely misses you.
Things that are here:
a +0 spear; a scroll labelled VUVETU KIUGAET; a gnoll corpse The gnoll hits you with a +0 halberd.
Found a stone staircase leading up.
The gnoll closely misses you. The gnoll hits you with a +0 halberd.
You hit the gnoll.
The gnoll is moderately wounded.
You closely miss the gnoll. You block the gnoll's attack.
The gnoll barely misses you.
You hit the gnoll.
The gnoll is heavily wounded.
You barely miss the gnoll. The gnoll hits you with a +0 whip.
You block the gnoll's attack. The gnoll hits you with a +0 halberd.
The gnoll barely misses you. You furiously retaliate!
You headbutt the gnoll! You closely miss the gnoll.
The gnoll is heavily wounded.
You barely miss the gnoll. The gnoll hits you with a +0 whip.
A gnoll comes into view. It is wielding a +0 halberd.
The gnoll hits you with a +0 halberd!
You hit the gnoll.
The gnoll is almost dead.
You closely miss the gnoll. You block the gnoll's attack.
The gnoll barely misses you.
You hit the gnoll.
You kill the gnoll!
You barely miss the gnoll. The gnoll hits you with a +0 whip.
* * * LOW HITPOINT WARNING * * *
Your Axes skill increases to level 8!
The gnoll hits you from afar with a +0 halberd.
* * * LOW HITPOINT WARNING * * *
You block the gnoll's attack.
You see here a +0 halberd.
You hit the gnoll.
The gnoll is severely wounded.
The gnoll hits you from afar with a +0 halberd!
You die...

####.. ..###
..... #.....#
.<.. #.. ... ###
####### .. .#
##### #......#g
... .....
#.......# #.#
##### #.....g@##
#.# #........##
#.#
###..###))###.#
...# ##...#.# ..
###...# .
##..### # #.(..#
#### ..
##.#........#
#.###.########..


You could see 2 gnolls.

Vanquished Creatures
  Sigmund (D:3)
  6 adders
  2 gnolls (D:3)
  A worm (D:2)
  2 dart slugs
  3 orcs (D:3)
  4 ball pythons
  6 endoplasms
  A giant cockroach (D:1)
  8 goblins
  13 hobgoblins
  4 jackals (D:1)
  3 quokkas
  5 bats
  4 frilled lizards
  6 kobolds
  6 rats
75 creatures vanquished.

Notes
Turn   | Place    | Note
-------+----------+-------------------------------------------
     0 | D:1      | bmack86 the Minotaur Fighter began the quest for the Orb.
     0 | D:1      | Reached XP level 1. HP: 19/19 MP: 0/0
    58 | D:1      | Found a faded altar of an unknown god.
   157 | D:1      | Reached skill level 3 in Axes
   193 | D:1      | Reached XP level 2. HP: 26/26 MP: 1/1
   309 | D:1      | Reached skill level 4 in Axes
   426 | D:1      | Reached XP level 3. HP: 31/31 MP: 2/2
   996 | D:2      | Reached skill level 5 in Axes
  1157 | D:2      | Reached XP level 4. HP: 36/39 MP: 3/3
  1615 | D:2      | Reached skill level 6 in Axes
  1928 | D:3      | Reached XP level 5. HP: 41/45 MP: 4/4
  2063 | D:3      | Noticed Sigmund
  2071 | D:3      | Killed Sigmund
  2072 | D:3      | Reached skill level 7 in Axes
  2072 | D:3      | Reached XP level 6. HP: 37/51 MP: 5/5
  2208 | D:3      | Reached skill level 8 in Axes
  2209 | D:3      | Slain by a gnoll

Illustrated notes

Levels and vault maps discovered:
D:1:      dpeg_arrival_three_same_balls, layout_loops_ring,
          ebering_ecumenical_altar_box, minmay_ruptured
D:2:      layout_loops_corners, minmay_tromino_i2
D:3:      layout_rooms, kennysheep_another_room, minmay_misc_feat_x,
          uniq_sigmund

Skill      XL: |  1  2  3  4  5  6 |
---------------+-------------------+-----
Axes           | 3 4 5 6 7 8 |  8.0
Fighting       | |  3.6
Armour         | |  3.6
Shields        | |  3.6

Action                     |  1- 3 |  4- 6 || total
---------------------------+-------+-------++-------
  Melee: War axe           |    83 |    62 ||   145
         Headbutt          |    11 |     8 ||    19
    Use: Scroll            |       |     3 ||     3
 Armour: Scale mail        |    32 |       ||    32
         Chain mail        |    15 |    29 ||    44
  Dodge: Dodged            |    43 |    35 ||    78
  Block: Buckler           |    19 |    13 ||    32
